 Dungeon Crawl Stone Soup version 0.28-a0-265-g048bc9fd10 (webtiles) character file.

Game seed: 555880550173455106

27 dolemite99 the Chopper (level 2, -1/27 HPs)
             Began as a Deep Dwarf Fighter on Aug 27, 2021.
             Slain by a worm (7 damage)
             ... on level 2 of the Dungeon.
             The game lasted 00:01:36 (1768 turns).

dolemite99 the Chopper (Deep Dwarf Fighter)         Turns: 1768, Time: 00:01:36

Health: -1/27      AC:  6    Str: 19    XL:     2   Next: 93%
Magic:  2/2        EV:  7    Int: 14    God:
Gold:   108        SH:  8    Dex: 12    Spells: 1/1 levels left

rFire   . . .      SeeInvis .   a - +0 war axe
rCold   . . .      Faith    .   c - +0 kite shield
rNeg    . . .      Spirit   .   b - +0 scale mail
rPois   .          Reflect  .   (no helmet)
rElec   .          Harm     .   (no cloak)
rCorr   .          Rampage  .   (no gloves)
Will    .....                   (no boots)
Stlth   ..........              (no amulet)
HPRegen 0.00/turn               k - +6 ring of intelligence
MPRegen 0.08/turn               (no ring)

@: no status effects
A: damage resistance, heal wounds, sense surroundings 1, no regeneration
a: Heal Wounds


You were on level 2 of the Dungeon.
You visited 1 branch of the dungeon, and saw 2 of its levels.

You collected 108 gold pieces.

Inventory:

Hand Weapons
 a - a +0 war axe (weapon)
 i - a +1 dagger of venom
Missiles
 h - 2 boomerangs
 n - 14 stones
Armour
 b - a +0 scale mail (worn)
 c - a +0 kite shield (worn)
 m - a +0 buckler
Jewellery
 k - a +6 ring of intelligence (left hand)
Scrolls
 e - a scroll of vulnerability {unknown}
 g - a scroll of noise {unknown}
 l - a scroll of teleportation {unknown}
Potions
 d - a potion of might
 f - a potion of brilliance {unknown}
 j - 2 potions of invisibility {unknown}


   Skills:
 - Level 2.6 Fighting
 + Level 3.8 Axes
 - Level 3.2 Armour
 - Level 3.2 Shields


You had one spell level left.
You didn't know any spells.
Your spell library was empty.

Dungeon Overview and Level Annotations

Branches:
Dungeon (2/15)

Altars:


Innate Abilities, Weirdness & Mutations

You are resistant to damage.
You can heal yourself by infusing magical energy.
You passively map a small area around you.
You do not regenerate.


Message History

You are too injured to fight recklessly!
You are too injured to fight recklessly!
You are too injured to fight recklessly!
The bat barely misses you. You block the bat's attack.
You hit the bat.
You kill the bat!
You open the large door.
There is a large open door here.
There is a large open door here.
Found 14 stones.
A worm comes into view.
You see here 11 gold pieces.
You now have 108 gold pieces (gained 11).
You see here 14 stones.
n - 14 stones You hit the worm.
The worm is lightly wounded.
You block the worm's attack.
You barely miss the worm. The worm barely misses you.
You hit the worm.
The worm is lightly wounded.
You block the worm's attack.
You hit the worm but do no damage.
The worm is lightly wounded.
The worm bites you but does no damage.
You hit the worm.
The worm is moderately wounded.
The worm bites you!
You hit the worm.
The worm is heavily wounded.
The worm bites you but does no damage.
You slash the worm!
The worm is severely wounded.
The worm bites you.
* * * LOW HITPOINT WARNING * * *
You barely miss the worm.
The worm is severely wounded.
The worm bites you!
You die...

..., #'#########... * ###
#.#.........#### *
....#.#.............
...#.#............. * ,
......>..#.#....)..
###+##................ ,
....+......#.#....... * ,
* #.##w...............
.######..@..........##....
...............####.##...#
*##############.# #.##...#
, * * #+# #+##...# ,* .. ,
* , , * *, , , , , , , , ,


You could see a worm.

Vanquished Creatures
  A worm (D:2)
  2 ball pythons (D:1)
  6 endoplasms
  2 goblins (D:1)
  A hobgoblin (D:2)
  6 bats
  A frilled lizard (D:2)
  3 kobolds
  A rat (D:2)
23 creatures vanquished.

Notes
Turn   | Place    | Note
-------+----------+-------------------------------------------
     0 | D:1      | dolemite99 the Deep Dwarf Fighter began the quest for the
                  | Orb.
     0 | D:1      | Reached XP level 1. HP: 20/20 MP: 1/1
   609 | D:1      | Reached XP level 2. HP: 27/27 MP: 2/2
   825 | D:1      | Found a faded altar of an unknown god.
  1768 | D:2      | Slain by a worm

Illustrated notes

Levels and vault maps discovered:
D:1:      co_arrival_random_square_maze, layout_basic,
          shapermc_ecumenical_altar_notcrosses
D:2:      layout_basic, serial_co_window_serial, co_window_paths_a,
          co_window_of_opportunity_a, co_window_of_opportunity_a,
          co_window_corner_a, co_window_paths_b, co_window_of_opportunity_a,
          co_window_unsneaky_path_b, co_window_corner_ca, co_window_corner_cb,
          glass_columns_a, glass_columns_a, glass_columns_a

Skill      XL: |  1 |
---------------+----+-----
Axes           | 3 |  3.8
Fighting       | |  2.6
Armour         | |  3.2
Shields        | |  3.2

Action                   || total
-------------------------++-------
Melee: War axe           ||    72
Armor: Scale mail        ||    47
Dodge: Dodged            ||    20
Block: Kite shield       ||    49

Table legend: (Time is in decaauts)
 A = Elapsed time spent in this place.
 B = Non-inter-level travel time spent in this place.
 C = Inter-level travel time spent in this place.
 D = Time resting spent in this place.
 E = Time spent auto-exploring this place.
 F = Levels seen in this place.
 G = Mean time per level.
                   A        B        C        D        E       F      G
               +--------+--------+--------+--------+--------+-----+--------+
         Total |   1808 |   1799 |      9 |    400 |   1123 |   2 |  904.0 |
       Dungeon |   1808 |   1799 |      9 |    400 |   1123 |   2 |  904.0 |
               +--------+--------+--------+--------+--------+-----+--------+

Top non-repeatable levels by time:
     D:1: 1226 daAuts
     D:2: 581 daAuts
